 Dungeon Crawl Stone Soup version 0.29-a0-266-gf56f883ddd (webtiles) character file.

Game seed: 8010145919639416957

59 spaghetti the Skirmisher (level 3, 0/45 HPs)
             Began as a Demonspawn Berserker on Mar 7, 2022.
             Was a Follower of Trog.
             Succumbed to an orc's poison
             ... on level 3 of the Dungeon.
             The game lasted 00:02:10 (2014 turns).

spaghetti the Skirmisher (Demonspawn Berserker)     Turns: 2014, Time: 00:02:11

Health: 0/45       AC:  2    Str: 19    XL:     3   Next: 78%
Magic:  3/3        EV: 12    Int:  8    God:    Trog [*.....]
Gold:   122        SH:  0    Dex: 12    Spells: 2/2 levels left

rFire   . . .      SeeInvis .   a - +0 falchion {long}
rCold   . . .      Faith    .   (no shield)
rNeg    . . .      Spirit   .   b - +0 animal skin
rPois   .          Reflect  .   (no helmet)
rElec   .          Harm     .   (no cloak)
rCorr   .          Rampage  .   (no gloves)
Will    .....                   (no boots)
Stlth   ..........              (no amulet)
HPRegen 0.15/turn               (no ring)
MPRegen 0.08/turn               (no ring)

@: berserking, lethally poisoned (0 -> -17), very quick
A: powered by pain 1
a: Renounce Religion, Berserk


You were on level 3 of the Dungeon.
You worshipped Trog.
Trog was aware of your devotion.
You visited 1 branch of the dungeon, and saw 3 of its levels.

You collected 122 gold pieces.


Innate Abilities, Weirdness & Mutations

You sometimes gain a little power by taking damage.


   Skills:
 + Level 4.3 Fighting
 - Level 2.6 Long Blades
 - Level 1.7 Armour
 + Level 2.5 Dodging


You had 2 spell levels left.
You didn't know any spells.
Your spell library contained the following spells:

 Spells                   Type           Power      Damage    Failure   Level
 Summon Forest            Summ/Tloc      0%         N/A       100%        5
 Eringya's Noxious Bog    Tmut/Pois      0%         N/A       100%        6
 Summon Hydra             Summ           0%         N/A       100%        7

Inventory:

Hand Weapons
 a - a +0 falchion (weapon) {long}
 f - a +0 short sword of venom {short}
   (You found it on level 2 of the Dungeon)
Missiles
 h - 83 stones (quivered) {throwing}
 i - 7 poisoned darts {throwing}
 o - 3 curare-tipped darts {=fthrowing}
Armour
 b - a +0 animal skin (worn)
Jewellery
 r - a ring of willpower
   (You took it off a goblin on level 3 of the Dungeon)
Wands
 j - a wand of mindburst (12)
   (You found it on level 2 of the Dungeon)
 q - a wand of charming (3)
   (You took it off a goblin on level 3 of the Dungeon)
Scrolls
 c - 2 scrolls of enchant armour {unknown}
 d - a scroll of amnesia {unknown}
 e - a scroll of summoning {unknown}
 g - a scroll of identify {unknown}
 n - 2 scrolls of fog {unknown}
Potions
 k - a potion of degeneration {unknown}
 l - 2 potions of brilliance {unknown}
 m - 2 potions of invisibility {unknown}
 p - a potion of flight {unknown}
 s - a potion of attraction {unknown}
 t - a potion of lignification {unknown}
 u - a potion of might {unknown}

Dungeon Overview and Level Annotations

Branches:
Dungeon (3/15)

Altars:
Kikubaaqudgha
Trog

Shops:
D:3

= # ################# #
...............# #
...............# #
###..........).# #
##?.............###
#######.
..^......#........### #
.....#..
###.....#..###.....# #
.....#.#
##...J.#.##.###.#.#.###
.....#.#
#....J@#..#........<...
.....#.#
#..##).#..#..##.#......
######.# #.
#..#..#.........### ##.# #
...#..#.........###
#####..##
...##.##).##..).....
........# ####
.#............. ........##
##.............
#######..###
###.......##..###
##...######................


You could see 2 endoplasms.


Message History

No target in view!
No target in view!
No target in view!
No target in view!
No target in view!
No target in view!
No target in view!
You see here a giant cockroach corpse.
Key pressed, stopping explore.
There is a stone staircase leading down here.
You now have 118 gold pieces (gained 5).
You now have 122 gold pieces (gained 4).
You see here a +0 short sword {short}.
An endoplasm comes into view. 😎 HP[+1]
Your hp is fully restored (30).
A dart slug comes into view.
An orc and an adder come into view.
The orc is wielding a +2 dagger of venom.
The endoplasm quivers.
The orc shouts!
An endoplasm comes into view.
The endoplasm quivers.
The dart slug launches a dart at you. The slug dart misses you.
The adder closely misses you. The orc barely misses you.
You barely miss the adder. The adder barely misses you.
The adder closely misses you. The endoplasm barely misses you.
The orc misses you.
You barely miss the adder. The adder bites you. The endoplasm hits you.
The orc hits you with a +2 dagger of venom.
You are poisoned. 😮 HP[-8]
You take 8 damage, and now have 22/30 hp.
MASSIVE DAMAGE!! (PAUSE) Unknown command.
A red film seems to cover your vision as you go berserk!
You feel yourself moving faster!
You feel mighty!
You feel sick. The adder completely misses you.
The orc hits you with a +2 dagger of venom.
The endoplasm closely misses you. The adder closely misses you. 😮 HP[+5]
You now have 45 max hp (+15).
You regained 5 hp, and now have 27/45 hp.
You closely miss the adder.
You feel sick. The dart slug barely misses you. The adder bites you.
You are more poisoned.
The adder poisons you!
The orc hits you with a +2 dagger of venom.
* * * LOW HITPOINT WARNING * * *
You are lethally poisoned!
The endoplasm hits you but does no damage. 😨 HP[-6]
You take 6 damage, and now have 21/45 hp.
Unknown command.
You closely miss the adder.
* * * LOW HITPOINT WARNING * * *
You feel very sick. The adder closely misses you. 😨 HP[-4]
You take 4 damage, and now have 17/45 hp.
You slash the adder!
You kill the adder!
Trog accepts your kill.
* * * LOW HITPOINT WARNING * * *
You feel very sick. The endoplasm closely misses you.
The orc hits you with a +2 dagger of venom.
* * * LOW HITPOINT WARNING * * *
The dart slug barely misses you. 😨 HP[-5]
You take 5 damage, and now have 12/45 hp.
You hit the dart slug.
* * * LOW HITPOINT WARNING * * *
You feel sick. The endoplasm barely misses you.
The orc barely misses you. 😱 HP[-2]
You take 2 damage, and now have 10/45 hp.
You slash the dart slug!
You kill the dart slug!
Trog accepts your kill.
* * * LOW HITPOINT WARNING * * *
You feel sick. The endoplasm freezes you.
You are frozen.
* * * LOW HITPOINT WARNING * * *
The orc hits you with a +2 dagger of venom.
* * * LOW HITPOINT WARNING * * *
You are more poisoned. 😱 HP[-4]
You take 4 damage, and now have 6/45 hp.
You barely miss the orc.
* * * LOW HITPOINT WARNING * * *
You feel very sick. 😱 HP[-3]
You take 3 damage, and now have 3/45 hp.
You are too berserk!
You slash the orc!
You kill the orc!
Trog accepts your kill.
You die...

Skill      XL: |  1  2 |
---------------+-------+-----
Dodging        | 2 |  2.5
Fighting       | 4 |  4.3
Long Blades    | |  2.6
Armour         | |  1.7

Action                   || total
-------------------------++-------
Melee: Falchion          ||    83
       Punch             ||     1
Invok: Berserk           ||     4
 Stab: Sleeping          ||     1
Armor: Animal skin       ||    17
Dodge: Dodged            ||    66

Levels and vault maps discovered:
D:1:      scummos_arrival_checkerplants, layout_basic, minmay_misc_feat_tiny,
          serial_bayou_lagoon_b
D:2:      layout_basic, shapermc_ecumenical_altar_acropolis, basic_altar
D:3:      layout_basic, lemuel_crystal_altar, serial_shops, nicolae_shop_trees,
          minmay_randomly_rotated_circles

Notes
Turn   | Place    | Note
-------+----------+-------------------------------------------
     0 | D:1      | spaghetti the Demonspawn Berserker began the quest for the
                  | Orb.
     0 | D:1      | Reached XP level 1. HP: 18/18 MP: 1/1
     0 | D:1      | magus.rc [v1.9.6]
   200 | D:1      | You add the spells Summon Forest, Eringya's Noxious Bog and
                  | Summon Hydra to your library.
   346 | D:2      | Gained mutation: You sometimes gain a little power by
                  | taking damage. [demonic ancestry]
   346 | D:2      | Reached XP level 2. HP: 24/24 MP: 2/2
   407 | D:2      | Found a faded altar of an unknown god.
   636 | D:2      | Found an ancient bone altar of Kikubaaqudgha.
   643 | D:2      | Reached skill level 2 in Dodging
   977 | D:2      | Reached skill level 4 in Fighting
   985 | D:2      | Reached XP level 3. HP: 28/30 MP: 3/3
  1239 | D:3      | Found a bloodstained altar of Trog.
  1606 | D:3      | Found Vemue's Jewellery Boutique.
  2011 | D:3      | HP: 10/45 [poisoned by an orc]
  2013 | D:3      | HP: 3/45 [poisoned by an orc]
  2014 | D:3      | Succumbed to an orc's poison

Vanquished Creatures
  2 adders
  2 dart slugs (D:3)
  2 orcs (D:3)
  5 ball pythons
  2 bats
  5 endoplasms
  2 giant cockroaches
  2 goblins (D:3)
  5 hobgoblins
  4 kobolds
  2 frilled lizards
  2 rats
35 creatures vanquished.

Table legend:
 A = Non-vault XP
 B = Vault XP
 C = Vault XP percentage of total XP
 D = Non-vault monster count
 E = Vault monster count
 F = Vault count percentage of total count
                 A         B        C        D         E       F
            +---------+---------+-------+---------+---------+-------
      Total |      66 |      22 |  25.0 |      31 |       4 |  11.4
            +---------+---------+-------+---------+---------+-------
        D:1 |       9 |       0 |   0.0 |       5 |       0 |   0.0
        D:2 |      36 |       0 |   0.0 |      15 |       0 |   0.0
        D:3 |      21 |      22 |  51.2 |      11 |       4 |  26.7
            +---------+---------+-------+---------+---------+-------

Illustrated notes

Table legend:
 A = Kills in this place as a percentage of kills in entire the game.
 B = Kills by you in this place as a percentage of kills by you in the entire game.
 C = Kills by friends in this place as a percentage of kills by friends in the entire game.
 D = Other kills in this place as a percentage of other kills in the entire game.
 E = Experience gained in this place as a percentage of experience gained in the entire game.
 F = Experience gained in this place divided by the number of levels of this place that you have seen.
                   A       B       C       D       E      F
               +-------+-------+-------+-------+-------+----------------------
         Total | 100.0 | 100.0 |   N/A |   N/A | 100.0 |  29.3
       Dungeon | 100.0 | 100.0 |   N/A |   N/A | 100.0 |  29.3
               +-------+-------+-------+-------+-------+----------------------

Table legend: (Time is in decaauts)
 A = Elapsed time spent in this place.
 B = Non-inter-level travel time spent in this place.
 C = Inter-level travel time spent in this place.
 D = Time resting spent in this place.
 E = Time spent auto-exploring this place.
 F = Levels seen in this place.
 G = Mean time per level.
                   A        B        C        D        E       F      G
               +--------+--------+--------+--------+--------+-----+--------+
         Total |   2060 |   2005 |     55 |    691 |   1052 |   3 |  686.7 |
       Dungeon |   2060 |   2005 |     55 |    691 |   1052 |   3 |  686.7 |
               +--------+--------+--------+--------+--------+-----+--------+

Top non-repeatable levels by time:
     D:2: 1032 daAuts
     D:3: 788 daAuts
     D:1: 239 daAuts
